 Dungeon Crawl Stone Soup version 0.18-b1-22-ge198996 (webtiles) character file.

205 Wooh the Shooter (level 5, -4/47 HPs)
             Began as a Draconian Hunter on May 4, 2016.
             Slain by ThereIsNoGod's ghost (11 damage)
             ... on level 3 of the Dungeon.
             The game lasted 00:14:34 (3542 turns).

Wooh the Shooter (Draconian Hunter)                 Turns: 3542, Time: 00:14:35

Health: -4/47      AC:  6    Str: 14    XL:     5   Next: 53%
Magic:  5/5        EV:  7    Int: 12    God:
Gold:   193        SH:  0    Dex: 12    Spells: 0 memorised, 4 levels left

rFire  . . .     SeeInvis +     a - +1 shortbow
rCold  . . .     Gourm    .     (armour unavailable)
rNeg   . . .     Faith    .     (shield currently unavailable)
rPois  .         Spirit   .     (helmet restricted)
rElec  .         Dismiss  .     (no cloak)
rCorr  .         Reflect  .     u - +0 pair of gloves
SustAt .         Harm     .     (no boots)
MR     .....                    s - amulet of rage
Stlth  +.........               (no ring)
                                e - ring of see invisible

@: not resistant to hostile enchantments, very unstealthy
A: unfitting armour, cold-blooded, AC +5
a: Evoke Berserk Rage


You were on level 3 of the Dungeon.
You were not hungry.

You visited 1 branch of the dungeon, and saw 3 of its levels.

You collected 193 gold pieces.

Inventory:

Hand Weapons
 a - a +1 shortbow (weapon)
 b - a +0 short sword
 r - a +1 spear of flaming
Missiles
 c - 27 arrows (quivered)
Armour
 u - a +0 pair of gloves (worn)
Jewellery
 e - a ring of see invisible (left hand)
 o - an uncursed ring of wizardry
 p - a +4 ring of intelligence
 s - an amulet of rage (around neck)
Scrolls
 f - a scroll of teleportation {unknown}
 h - a scroll of random uselessness {unknown}
 n - a scroll of enchant armour {unknown}
 q - a scroll of noise {unknown}
 v - a scroll of enchant weapon {unknown}
 y - a scroll of identify {unknown}
Potions
 g - a potion of heal wounds {unknown}
 k - a potion of cure mutation {unknown}
 l - a potion of flight {unknown}
 m - 2 potions of curing {unknown}
 t - 2 potions of agility {unknown}
 x - 2 potions of brilliance {unknown}
Comestibles
 d - 3 bread rations
 i - 2 meat rations
 j - a beef jerky
 w - a royal jelly


   Skills:
 + Level 4.8 Fighting
 + Level 5.1 Bows
 - Level 1.7 Dodging
 - Level 0.8 Stealth


You had 4 spell levels left.
You didn't know any spells.

Dungeon Overview and Level Annotations

Branches:
Dungeon (3/15)

Altars:

Annotations:
D:3 ThereIsNoGod's ghost, amateur MiFi


Innate Abilities, Weirdness & Mutations

Your plain brown scales are hard (AC +5).
Your body does not fit into most forms of armour.
You are cold-blooded and may be slowed by cold attacks.


Message History

Press: ? - help, Shift-Dir - straight line, f/p - ThereIsNoGod's ghost
Aim: ThereIsNoGod's ghost (heavily damaged)
You shoot an arrow.
The arrow hits ThereIsNoGod's ghost but does no damage.
ThereIsNoGod's ghost is heavily damaged.
ThereIsNoGod's ghost hits you!
Firing (i - inventory):
c - 28 arrows (quivered)
Press: ? - help, Shift-Dir - straight line, f/p - ThereIsNoGod's ghost
Aim: ThereIsNoGod's ghost (heavily damaged)
You shoot an arrow. The arrow hits ThereIsNoGod's ghost.
ThereIsNoGod's ghost is heavily damaged.
ThereIsNoGod's ghost hits you!
* * * LOW HITPOINT WARNING * * *
ThereIsNoGod's ghost keens inconsolably.
You see here 2 stones.
ThereIsNoGod's ghost shrieks, "You will never get the ORB!"
ThereIsNoGod's ghost says, "Are you willing to die fighting?
I was!"
There is a stone staircase leading down here.
ThereIsNoGod's ghost hits you!
You die...

#.########.........# #.#.# #.#
##.######.# #.#.#### #.# #.# #.#
#.#....# #.# #.######.###......##
#(# #.....(#............ #.#
######.#######.#....
#.##############.# ##.#..##
####((((((((.....##.# ##.....#
≈≈≈≈≈≈≈≈≈≈######@##.# #..#...#
≈≈≈≈≈≈≈≈≈≈≈## #.W.#)# #.###..#
....)....≈≈≈###..s#)#####..#...#
.......)..≈≈#......(...........#.
...#####..≈≈#....................
####...#..≈≈#.......#######.#.##.
#..'...'..≈≈≈##...### #.#.# .
#..#...#..≈≈≈#....# ##(#.#
#..#########≈≈)#### #...(#


You could see ThereIsNoGod's ghost and a giant cockroach.

Vanquished Creatures
  Robin (D:3)
  4 adders (D:2)
  3 gnolls
  3 oozes
  2 worms
  2 dart slugs
  3 giant geckos
  2 orcs (D:3)
  7 bats
  2 giant cockroaches (D:3)
  18 goblins
  10 hobgoblins
  11 jackals
  5 quokkas (D:2)
  2 ball pythons
  5 giant newts
  6 kobolds
  10 rats
96 creatures vanquished.

Notes
Turn   | Place    | Note
--------------------------------------------------------------
     0 | D:1      | Wooh the Draconian Hunter began the quest for the Orb.
     0 | D:1      | Reached XP level 1. HP: 17/17 MP: 1/1
    34 | D:1      | Reached XP level 2. HP: 11/25 MP: 2/2
   474 | D:1      | Reached skill level 4 in Bows
   474 | D:1      | Reached XP level 3. HP: 8/31 MP: 3/3
  1258 | D:2      | Reached XP level 4. HP: 17/38 MP: 4/4
  2538 | D:2      | Reached XP level 5. HP: 41/47 MP: 5/5
  3035 | D:3      | Reached skill level 5 in Bows
  3094 | D:3      | Noticed Robin
  3307 | D:3      | Killed Robin
  3392 | D:3      | Noticed ThereIsNoGod's ghost (amateur MiFi)
  3542 | D:3      | Slain by ThereIsNoGod's ghost

Skill      XL: |  1  2  3  4  5 |
---------------+----------------+-----
Fighting       | 3 4 |  4.8
Bows           | 4 5 |  5.1
Dodging        | |  1.7
Stealth        | |  0.8

Action                   |  1- 3 |  4- 6 || total
-------------------------+-------+-------++-------
Melee: Short sword       |   109 |    34 ||   143
       Tailslap          |    13 |    15 ||    28
       Spear             |       |   154 ||   154
 Fire: Shortbow          |    14 |    34 ||    48
 Stab: Sleeping          |       |     2 ||     2
  Eat: Chunk             |     1 |     8 ||     9
Armor: Skin              |    46 |    42 ||    88
Dodge: Dodged            |    78 |   123 ||   201
